[Event "4. Memorial Svat.Hastika OPEN"]
[Site "Jesenik, Czech Republic"]
[Date "2022.09.03"]
[Round "1.1"]
[White "Cechacek, Miroslav"]
[Black "Banasik, Krzysztof"]
[Result "0-1"]
[TimeControl "720+3"]
[WhiteFideId "377090"]
[BlackFideId "1125222"]
[WhiteElo "1541"]
[BlackElo "2166"]

1. e4 d6 2. f4 c5 3. Nf3 Nc6 4. Bb5 g6 5. d4 cxd4 6. Nxd4 Bd7 7. Nxc6 bxc6 8. Qd4 Nf6 9. Bc4 Bg7 10.
e5 dxe5 11. fxe5 Ng4 12. O-O O-O 13.
Bf4 Bf5 14. h3 Qxd4+ 0-1

[Event "4. Memorial Svat.Hastika OPEN"]
[Site "Jesenik, Czech Republic"]
[Date "2022.09.03"]
[Round "1.2"]
[White "Gnida, Patrik"]
[Black "Zrubek, Dan"]
[Result "1-0"]
[TimeControl "720+3"]
[WhiteFideId "351660"]
[BlackFideId "23718714"]
[WhiteElo "2092"]
[BlackElo "1504"]

1. e4 c5 2. Nf3 d6 3.
g3 Nc6 4. Bg2 Nf6 5. d3 g6 6. O-O Bg7 7. Re1 Bg4 8. h3 Bxf3 9. Qxf3 Rb8 10. a4 O-O 11. c3 Qc7 12. Na3 a6 13.
Be3 Nd7 14. Rac1 b5 15. axb5 axb5 16. d4 b4 17. Nc2 bxc3 18. bxc3 Qa5 19. e5 Ndxe5 20. dxe5 Nxe5 21. Qe4 d5 22. Qxd5 Rfd8 23. Qxc5 Qxc5 24.
Bxc5 Nd3 25. Bxe7 Nxe1 26. Bxd8 Nxc2 27.
Bg5 Na3 28. Be7 Nb5 29. c4 Nd4 30. Bf1 Re8 31. Bd6 Nf5 32. Bc5 Rc8 33. Bb6 Bd4 34. Bxd4 Nxd4 35. Kg2 Kf8 36. Bd3 Nc6 37.
Be4 Ne7 38. Kf3 f5 39. Bb7 Rc7 40. Ba6 Nc6 41. Rc3 Ra7 42. Bb5 Nd4+ 43. Ke3 Nxb5 44. cxb5 Rb7 45. Rc5 Ke7 46. Kd4 Kd6 47. Kc4 Rb6 48. Rc8 Rb7 49. Rc6+ Kd7 50. Kc5 Kd8 51. b6 Re7 52. Rd6+ Kc8 53. Rd2 Re1 54. Rb2 Rc1+ 55.
Kd6 Kb7 56. Ke7 Rh1 57. h4 f4 58. Kf6 fxg3 59. fxg3 Rg1 60. Rb3 Rf1+ 61. Kg7 g5 62. h5 Rh1 63. h6 1-0

[Event "4. Memorial Svat.Hastika OPEN"]
[Site "Jesenik, Czech Republic"]
[Date "2022.09.03"]
[Round "1.3"]
[White "Haidenko, Mykola"]
[Black "Bares, Jachym"]
[Result "0-1"]
[TimeControl "720+3"]
[WhiteFideId "23731958"]
[BlackFideId "345075"]
[WhiteElo "1429"]
[BlackElo "1978"]

1. e4 e5 2. d4 exd4 3. Nf3 d5 4. exd5 Qxd5 5. Nxd4 Nf6 6. Nc3 Bb4 7. Qd3 O-O 8. Nde2 Qxd3 9.
cxd3 Bf5 10. d4 Nc6 11. g3 Rfe8 12. Be3 Rad8 13. Bg2 Ng4 14. O-O Bd3 15. Rfd1 Bxe2 16. Nxe2 Nxe3 17. fxe3 Rxe3 18. Nf4 Bd6 19. Nd5 Re2 20.
b3 Rde8 21. Bf3 Rc2 22. Rdc1 Nxd4 23. Rxc2 Nxc2 24. Rc1 Nd4 25. Bg4 c6 26. Nc3 Bb4 27. Na4 Ne2+ 28. Bxe2 Rxe2 29. Rd1 Kf8 30.
Rd7 b5 31. Rxa7 bxa4 32. Rxa4 Bc5+ 33.
Kh1 Ke7 34. Ra6 Kd6 35. a4 Rb2 36.
Ra8 Rxb3 37. a5 Rb7 38.
a6 Ra7 39. Rxa7 Bxa7 40. Kg2 Kc5 41.
Kf3 Kb5 42. Ke4 Kxa6 43. Ke5 c5 44. Kd5 Kb5 45. Ke4 Kc4 46. Ke3 Kb3 47. Kd2 Kb2 48. Ke1 0-1

[Event "4. Memorial Svat.Hastika OPEN"]
[Site "Jesenik, Czech Republic"]
[Date "2022.09.03"]
[Round "1.4"]
[White "Cempel, Jaroslav"]
[Black "Pobucky, Ondrej"]
[Result "1-0"]
[TimeControl "720+3"]
[WhiteFideId "300730"]
[BlackFideId "23742305"]
[WhiteElo "1911"]
[BlackElo "1426"]

1. e4 e5 2. Nf3 Nc6 3. c3 Nf6 4. d4 exd4 5. Bg5 Be7 6. Bxf6 Bxf6 7. cxd4 Qe7 8. Nc3 d6 9. h3 O-O 10.
Be2 Bd7 11. O-O a6 12. Rc1 Rfe8 13. Nd5 Qd8 14. Nxf6+ Qxf6 15. d5 Ne5 16. Nxe5 Rxe5 17. Rxc7 Bc8 18. Qc2 Qd8 19. f4 Re7 20. Rxe7 Qxe7 21.
Bf3 Qd8 22. Re1 Bd7 23. e5 dxe5 24. fxe5 Rc8 25. Qd2 Qb6+ 26. Kh1 Qb5 27. e6 fxe6 28. dxe6 Bc6 29. Bxc6 Qxc6 30. Qd7 Ra8 31. Qf7+ Kh8 32. e7 Re8 33. Rf1 h6 34.
Qxe8+ Qxe8 35. Rf8+ 1-0

[Event "4. Memorial Svat.Hastika OPEN"]
[Site "Jesenik, Czech Republic"]
[Date "2022.09.03"]
[Round "1.5"]
[White "Gvizdova, Michala"]
[Black "Gawlas, Roman"]
[Result "0-1"]
[TimeControl "720+3"]
[WhiteFideId "23740590"]
[BlackFideId "351652"]
[WhiteElo "1377"]
[BlackElo "1906"]

1. e4 c5 2. Nf3 e6 3.
d4 cxd4 4. Nxd4 Nc6 5. Be3 Qc7 6. Nc3 a6 7.
Be2 Nf6 8. f4 Bb4 9. O-O Bxc3 10. bxc3 Nxe4 11. Qd3 d5 12. Bf3 Nf6 13. f5 Ne5 14. Qd2 Nc4 15. Qe1 e5 16. Nb3 Nxe3 17. Qxe3 O-O 18. g4 e4 19.
Be2 Nd7 20. g5 f6 21. Nd4 Ne5 22. Rad1 fxg5 23. Qxg5 Rf6 24. Kh1 Nf7 25. Qh5 Rh6 0-1

[Event "4. Memorial Svat.Hastika OPEN"]
[Site "Jesenik, Czech Republic"]
[Date "2022.09.03"]
[Round "1.6"]
[White "Wrobel, Maciej"]
[Black "Poljak, Lucian"]
[Result "1-0"]
[TimeControl "720+3"]
[WhiteFideId "1181351"]
[BlackFideId "23740590"]
[WhiteElo "1873"]
[BlackElo "1367"]

1. e4 e5 2. Nf3 Nc6 3.
Bc4 Nf6 4. Ng5 d5 5. exd5 Nxd5 6.
Nxf7 Kxf7 7. Qf3+ Ke6 8. Nc3 Nce7 9. d4 Qd6 10. O-O Qc6 11. Bb3 g6 12. dxe5 Bg7 13. Bg5 Rf8 14. Qe4 Rf5 15.
Bxe7 Rxe5 16. Bxd5+ Kxe7 17. Bxc6 Rxe4 18. Bxe4 c6 19. Rfe1 Kf7 20. Rad1 Be6 21. Rd3 1-0

[Event "4. Memorial Svat.Hastika OPEN"]
[Site "Jesenik, Czech Republic"]
[Date "2022.09.03"]
[Round "1.8"]
[White "Skovron, Josef"]
[Black "Basler, Jan"]
[Result "1-0"]
[TimeControl "720+3"]
[WhiteFideId "329886"]
[BlackFideId "23718420"]
[WhiteElo "1821"]
[BlackElo "1285"]

1. e4 e5 2. Nf3 Nc6 3. d4 exd4 4. Bc4 Nf6 5. e5 Ng4 6. O-O Ncxe5 7. Nxe5 Nxe5 8.
Re1 Qe7 9. Na3 d6 10. f4 f6 11. fxe5 dxe5 12. Bd2 Be6 13. Bxe6 Qxe6 14. Qf3 O-O-O 15. Qb3 Qxb3 16. axb3 c6 17. Nc4 b5 18. Na5 Kc7 19. b4 Kb6 20.
Nb3 Rc8 21. Ra2 c5 22. Rea1 c4 23. Ra6+ Kb7 24. Rxa7+ Kb8 25. Ra8+ Kc7 26. Rxc8+ Kxc8 27. Nc5 Bxc5 28. bxc5 Kb7 29. Bb4 Rd8 30. Kf2 d3 31. cxd3 cxd3 32. Ke3 f5 33. Ra5 f4+ 34. Kd2 Kc6 35. Ra6+ Kb7 36. Rb6+ Ka7 37. Re6 Rd4 38. Bc3 Re4 39. Rxe5 b4 1-0

[Event "4. Memorial Svat.Hastika OPEN"]
[Site "Jesenik, Czech Republic"]
[Date "2022.09.03"]
[Round "1.9"]
[White "Zamarsky, Patrik"]
[Black "Taborsky, Bedrich"]
[Result "1-0"]
[TimeControl "720+3"]
[WhiteFideId "23714280"]
[BlackFideId "378151"]
[WhiteElo "1216"]
[BlackElo "1793"]

1. e4 g6 2. Nf3 Bg7 3. d4 c5 4.
c3 cxd4 5. cxd4 d6 6. Nc3 Nd7 7. Bc4 b6 8. O-O Bb7 9. Re1 Nh6 10. h3 O-O 11. d5 f5 12. Qe2 a6 13. exf5 Nxf5 14. g4 Nd4 15. Nxd4 Bxd4 16.
Be3 Bg7 17. Bg5 Ne5 18. f4 Nxc4 19. Qxc4 Rf7 20. Re3 b5 21. Qe2 Bd4 22. Re1 Qb6 23. Kh2 Bxe3 24. Qxe3 Qxe3 25. Rxe3 Kf8 26. Kg3 b4 27. Bh6+ Ke8 28. Ne4 Kd7 29. Ng5 Rf6 30. Nxh7 Bxd5 31. Nxf6+ exf6 32. a3 a5 33. Bg7 bxa3 34. bxa3 f5 35. Rd3 Ke6 36. Bc3 a4 37.
Bb4 Ra6 38. Rc3 Rc6 39. Rxc6 Bxc6 40. gxf5+ gxf5 41. Kh4 d5 42.
Kg5 d4 43. h4 d3 44. h5 Be4 45. h6 Kf7 46. Bc3 d2 47. Bxd2 Kg8 48. Kg6 Bd5 49. h7+ Kf8 1-0

[Event "4. Memorial Svat.Hastika OPEN"]
[Site "Jesenik, Czech Republic"]
[Date "2022.09.03"]
[Round "1.10"]
[White "Kincl, Dobromir"]
[Black "Ondrackova, Veronika"]
[Result "0-1"]
[TimeControl "720+3"]
[BlackFideId "23739983"]
[WhiteElo "1683"]
[BlackElo "1213"]

1. d4 Nf6 2. Nf3 e6 3. Bg5 d5 4.
e3 c5 5.
dxc5 Bxc5 6. Nbd2 Nc6 7. Bb5 Bd7 8. O-O O-O 9. c3 h6 10. Bh4 Qe7 11. Nb3 Bb6 12. Re1 Rac8 13. Bd3 e5 14.
e4 d4 15. cxd4 Bg4 16. d5 Nb4 17. Bb1 Rfd8 18. a3 Na6 19. Qd3 Nc5 20. Nxc5 Qxc5 21. b4 Qd6 22. Bg3 Nd7 23. Nh4 Qf6 24.
h3 Bd4 25. Ra2 Bc3 26. Rf1 Bh5 27. f4 exf4 28. Rxf4 Qd4+ 29. Kh2 Qxd3 30. Bxd3 Be5 31. Rf5 Bxg3+ 32. Kxg3 Rc3 33. Rd2 g6 34. Rff2 Ne5 35. Kf4 Nxd3+ 36. Rxd3 Rxd3 37. g4 g5+ 38.
Ke5 gxh4 39. gxh5 Rxh3 40. Rf6 Rg3 41. Kd4 h3 42. Kc5 h2 43. Rf1 Rg1 44. Kd4 0-1

[Event "4. Memorial Svat.Hastika OPEN"]
[Site "Jesenik, Czech Republic"]
[Date "2022.09.03"]
[Round "2.1"]
[White "Banasik, Krzysztof"]
[Black "Skovron, Josef"]
[Result "1/2-1/2"]
[TimeControl "720+3"]
[WhiteFideId "1125222"]
[BlackFideId "329886"]
[WhiteElo "2166"]
[BlackElo "1821"]

1. e4 c5 2. Nf3 Nc6 3. Nc3 e5 4.
Bc4 Be7 5. d3 Nf6 6. a3 O-O 7. O-O d6 8. h3 h6 9. Re1 a6 10. Nd5 Be6 11. c3 b5 12. Ba2 Rc8 13. Be3 Na5 14.
b4 Nb7 15. a4 Nxd5 16. exd5 Bf5 17. Bb1 Bf6 18. Ra2 Qd7 19. Nd2 Be7 20. axb5 Qxb5 21. bxc5 Nxc5 22. d4 Bxb1 23. Qxb1 Na4 24. Qxb5 axb5 25. c4 Nb6 26.
cxb5 Nxd5 27. dxe5 dxe5 28. Ba7 Ra8 29. Rxe5 Rfd8 30. Rxe7 Nxe7 31. b6 Nc6 32. Nc4 Nxa7 33. bxa7 Rd7 34. Ne3 Rdxa7 35. Rc2 Ra1+ 36. Kh2 R8a7 1/2-1/2

[Event "4. Memorial Svat.Hastika OPEN"]
[Site "Jesenik, Czech Republic"]
[Date "2022.09.03"]
[Round "2.3"]
[White "Bares, Jachym"]
[Black "Zrubek, Adam"]
[Result "1-0"]
[TimeControl "720+3"]
[WhiteFideId "345075"]
[BlackFideId "23718706"]
[WhiteElo "1978"]
[BlackElo "1583"]

1. e4 c5 2. Nf3 d6 3. d4 cxd4 4. Nxd4 Nf6 5. Nc3 g6 6. Be3 Bg7 7. Bc4 O-O 8. f3 Nc6 9.
Qd2 Bd7 10. O-O-O Rc8 11. Bb3 Nxd4 12. Bxd4 b5 13. Nd5 Nxd5 14. Bxg7 Kxg7 15. exd5 a5 16. a3 Kg8 17. Rhe1 Re8 18.
Re3 Qc7 19. g4 b4 20. a4 f6 21. h4 Kf7 22. h5 gxh5 23. Rh1 Rg8 24. Rxh5 Rg7 25. Qe2 Be8 26. f4 Kf8 27. Rh1 Bd7 28.
f5 Qc5 29. Reh3 Qd4 30. Rh4 Qf4+ 31.
Kb1 Qg5 32. Rxh7 Qxg4 33. Rh8+ Kf7 34. Qe6+ 1-0

[Event "4. Memorial Svat.Hastika OPEN"]
[Site "Jesenik, Czech Republic"]
[Date "2022.09.03"]
[Round "2.4"]
[White "Cimburek, Jan"]
[Black "Cempel, Jaroslav"]
[Result "1-0"]
[TimeControl "720+3"]
[WhiteFideId "390283"]
[BlackFideId "300730"]
[WhiteElo "1591"]
[BlackElo "1911"]

1. Nf3 f5 2. d4 Nf6 3. c4 e6 4. Nc3 d5 5. a3 c6 6. b4 dxc4 7. e3 b5 8. a4 Bxb4 9. Bd2 Bxc3 10.
Bxc3 Ne4 11. Bb4 a5 12. axb5 cxb5 13. Ne5 g6 14. f3 Bb7 15. fxe4 axb4 16. Rxa8 Bxa8 17. exf5 exf5 18. Bxc4 Qa5 19. Bf7+ Ke7 20. O-O Nc6 21. Qb3 Nd8 22.
Rc1 Qa3 23. Rc7+ Kf6 24. Qxa3 bxa3 25. Bb3 b4 26. Bf7 Ke7 1-0

[Event "4. Memorial Svat.Hastika OPEN"]
[Site "Jesenik, Czech Republic"]
[Date "2022.09.03"]
[Round "2.5"]
[White "Gawlas, Roman"]
[Black "Zamarsky, Patrik"]
[Result "1-0"]
[TimeControl "720+3"]
[WhiteFideId "351652"]
[BlackFideId "23714280"]
[WhiteElo "1906"]
[BlackElo "1216"]

1. d4 e6 2. c4 d5 3. Nc3 Nf6 4. cxd5 Nxd5 5. e4 Nxc3 6.
bxc3 c5 7. a3 Nc6 8. Nf3 cxd4 9. cxd4 b6 10. Bb5 Bd7 11. O-O Be7 12. Re1 O-O 13. Bf4 Nb8 14. Bc4 Nc6 15. Qd3 Bc8 16. d5 exd5 17. exd5 Na5 18.
Ba2 Bf6 19. Rad1 Bb7 20. Ne5 Rc8 21. Re3 Re8 22. d6 Rf8 23. Ng4 Bg5 24. Bb1 Bxf4 25. Qxh7# 1-0

[Event "4. Memorial Svat.Hastika OPEN"]
[Site "Jesenik, Czech Republic"]
[Date "2022.09.03"]
[Round "2.7"]
[White "Ondrackova, Veronika"]
[Black "Cechacek, Miroslav"]
[Result "0-1"]
[TimeControl "720+3"]
[WhiteFideId "23739983"]
[BlackFideId "377090"]
[WhiteElo "1213"]
[BlackElo "1541"]

1. e4 c5 2. Nf3 Nc6 3. d4 cxd4 4. Nxd4 e5 5. Nf3 Nf6 6. Nc3 Bb4 7. Bd3 O-O 8. O-O Bxc3 9. bxc3 d5 10.
Qe2 Bg4 11. h3 Bh5 12. Bg5 Re8 13. Rad1 d4 14. Bc4 h6 15. Bh4 g5 16. Bg3 g4 17. hxg4 Bxg4 18. Qd3 Nh5 19. Bh2 Qf6 20.
Rd2 Rad8 21. cxd4 Bxf3 22. Qxf3 Qxf3 23. gxf3 Nxd4 24. Kg2 Nf4+ 25. Bxf4 exf4 26. Rfd1 Nc6 27. Rd7 Rxd7 28. Rxd7 Re7 29. Rd6 Kg7 30. Rd5 Ne5 31. Bb3 Kf6 32. Rd6+ Kg5 33.
Rd1 f5 34. Rd5 fxe4 35. fxe4 Kg4 36. Rd8 h5 37. Rg8+ Kh4 38.
c3 Ng4 39. Kf1 Nh2+ 40. Kg2 Ng4 41. Bc2 Rf7 42. f3 Ne3+ 43. Kf2 Nxc2 44. Rg1 Rd7 45. Rh1+ Kg5 46. Rg1+ Kh6 47. Re1 Rd2+ 48. Re2 Rxe2+ 49. Kxe2 h4 50. Kf2 Kh5 51.
Kg2 Ne3+ 52. Kf2 h3 53. Kg1 Kh4 54. Kh2 0-1

[Event "4. Memorial Svat.Hastika OPEN"]
[Site "Jesenik, Czech Republic"]
[Date "2022.09.03"]
[Round "2.8"]
[White "Taborsky, Bedrich"]
[Black "Koterova, Hana"]
[Result "1-0"]
[TimeControl "720+3"]
[WhiteFideId "378151"]
[WhiteElo "1793"]
[BlackElo "1309"]

1. e4 e5 2. Nf3 Nc6 3. Bc4 d6 4. c3 Nf6 5. Ng5 d5 6. exd5 Nxd5 7. Nxf7 Kxf7 8. Qf3+ Ke6 9. O-O Be7 10. d4 e4 11. Qxe4+ 1-0

[Event "4. Memorial Svat.Hastika OPEN"]
[Site "Jesenik, Czech Republic"]
[Date "2022.09.03"]
[Round "2.9"]
[White "Poljak, Lucian"]
[Black "Kincl, Dobromir"]
[Result "0-1"]
[TimeControl "720+3"]
[WhiteFideId "23740590"]
[WhiteElo "1367"]
[BlackElo "1683"]

1. e4 d6 2. d4 Nf6 3. Nc3 c6 4. Nf3 Qa5 5. e5 dxe5 6. dxe5 Ne4 7. Bd2 Nxd2 8. Qxd2 e6 9. a3 Nd7 10. Rd1 Be7 11. b4 Qxa3 12.
Bc4 Bxb4 13. Bb3 Qa5 14. O-O Bxc3 15. Qf4 Nxe5 16. Nd4 Bxd4 17. Qxd4 O-O 18. Rfe1 Ng6 19. Qg4 Ne5 20. Qe4 Ng6 21.
Ra1 Qc7 22. Rad1 a5 23. c4 a4 24. Bc2 f5 25. Qe3 e5 26. c5 f4 27. Qe4 Bf5 28. Qc4+ Kh8 29. Bxf5 Rxf5 30. Rd6 f3 31. g3 a3 32.
Red1 Raf8 33. Rd7 Qa5 34. Qd3 R5f6 35. Rd8 a2 36. Rxf8+ Rxf8 37. Qc2 e4 38. Rd2 a1=Q+ 39. Rd1 Qxd1+ 40. Qxd1 Rd8 41. Qc1 Qd2 42. Qxd2 Rxd2 43. h4 0-1

[Event "4. Memorial Svat.Hastika OPEN"]
[Site "Jesenik, Czech Republic"]
[Date "2022.09.03"]
[Round "2.10"]
[White "Zrubek, Dan"]
[Black "Bartusik, Jan"]
[Result "1-0"]
[TimeControl "720+3"]
[WhiteFideId "23718714"]
[BlackFideId "23718412"]
[WhiteElo "1504"]
[BlackElo "1138"]

1. e4 e5 2. Nf3 Nc6 3. Bb5 Qf6 4. O-O Bc5 5. d3 a6 6. Ba4 Nge7 7. Nc3 d6 8. Bg5 b5 9. Bxf6 bxa4 10. Bxe7 Nxe7 11. Nxa4 Ba7 12.
d4 exd4 13. Nxd4 O-O 14. Nc3 Ng6 15. Nd5 c5 16. Nc6 Bb6 17. Nxb6 1-0

[Event "4. Memorial Svat.Hastika OPEN"]
[Site "Jesenik, Czech Republic"]
[Date "2022.09.03"]
[Round "3.2"]
[White "Wrobel, Maciej"]
[Black "Bares, Jachym"]
[Result "1/2-1/2"]
[TimeControl "720+3"]
[WhiteFideId "1181351"]
[BlackFideId "345075"]
[WhiteElo "1873"]
[BlackElo "1978"]

1. e4 e5 2. Nf3 Nc6 3. Bc4 Nf6 4. d4 exd4 5. O-O Nxe4 6. Re1 d5 7. Bxd5 Qxd5 8. Nc3 Qh5 9. Nxe4 Be6 10.
Bg5 Bd6 11. Nxd6+ cxd6 12. Bf4 Qd5 13. c3 O-O 14. Nxd4 Nxd4 15. Qxd4 Qxd4 16. cxd4 d5 17. Rac1 Rac8 18. Rxc8 Rxc8 19. Rc1 Rxc1+ 1/2-1/2

[Event "4. Memorial Svat.Hastika OPEN"]
[Site "Jesenik, Czech Republic"]
[Date "2022.09.03"]
[Round "3.3"]
[White "Skovron, Josef"]
[Black "Cimburek, Jan"]
[Result "1/2-1/2"]
[TimeControl "720+3"]
[WhiteFideId "329886"]
[BlackFideId "390283"]
[WhiteElo "1821"]
[BlackElo "1591"]

1. e4 c5 2. Nc3 g6 3. f4 Bg7 4. Nf3 d6 5. Bc4 a6 6. a4 Bd7 7. O-O Nc6 8. Ne2 Na5 9. Ba2 b5 10.
c3 bxa4 11. d4 cxd4 12. cxd4 Rb8 13. Ng3 Nb3 14. Rb1 Nxc1 15. Qxc1 Qb6 16. Qd2 Bg4 17. e5 Bxf3 18. Rxf3 Nh6 19.
Kh1 O-O 20. h3 Rbd8 21. e6 Qxd4 22. exf7+ Nxf7 23. Qe2 Kh8 24. Qxe7 Rde8 25. Qb7 Nd8 26. Qxa6 Ne6 27. f5 Nc5 28.
Qc4 Qxc4 29. Bxc4 Rb8 30. fxg6 Rxf3 31. gxf3 hxg6 32. Ne4 Nxe4 33. fxe4 Bxb2 34. Kg2 a3 35. Kf3 1/2-1/2

[Event "4. Memorial Svat.Hastika OPEN"]
[Site "Jesenik, Czech Republic"]
[Date "2022.09.03"]
[Round "3.4"]
[White "Cempel, Jaroslav"]
[Black "Banasik, Krzysztof"]
[Result "0-1"]
[TimeControl "720+3"]
[WhiteFideId "300730"]
[BlackFideId "1125222"]
[WhiteElo "1911"]
[BlackElo "2166"]

1. d4 Nf6 2. Bf4 g6 3. Nc3 d5 4. e3 Bg7 5. h3 O-O 6. Nf3 c5 7. Be2 Nc6 8. O-O cxd4 9. exd4 Bf5 10. Ne5 Rc8 11. Nxc6 Rxc6 12. Be5 a6 13. a4 Qa5 14.
Bd3 Bxd3 15. Qxd3 e6 16. Bxf6 Bxf6 17. Ne2 b5 18. axb5 Qxb5 19. Qxb5 axb5 20. c3 b4 21. Rfc1 Rb8 22.
Rab1 Kg7 23. g4 h5 24. gxh5 gxh5 25. Kg2 Kg6 26. Kf3 Bg5 27. Rg1 Kh6 28. Rgd1 Rcb6 29. Ra1 bxc3 30. bxc3 Rb2 31.
Ra7 R8b7 32. Rxb7 Rxb7 33. Ra1 Rb2 34. Ra7 Kg6 35. Rc7 Rc2 36. Rc8 h4 37. Rg8+ Kf5 38. Rc8 f6 39. Rc6 e5 40.
dxe5 fxe5 41. Ng1 e4+ 42. Kg2 Be3 43. Rc8 Rxf2+ 44. Kh1 Ke6 45. c4 Rf1 46. cxd5+ Kxd5 47. Kh2 Bxg1+ 48. Kg2 Ra1 49. Rd8+ Kc4 50. Re8 Kd3 51. Rd8+ Bd4 0-1

[Event "4. Memorial Svat.Hastika OPEN"]
[Site "Jesenik, Czech Republic"]
[Date "2022.09.03"]
[Round "3.6"]
[White "Gvizdova, Michala"]
[Black "Taborsky, Bedrich"]
[Result "0-1"]
[TimeControl "720+3"]
[WhiteFideId "23740590"]
[BlackFideId "378151"]
[WhiteElo "1377"]
[BlackElo "1793"]

1. e4 g6 2. d4 Bg7 3.
Nc3 b6 4. Nf3 Bb7 5. Bd3 d6 6. b3 Nd7 7.
Bb2 Ngf6 8. Qe2 O-O 9. O-O-O a5 10. e5 Nd5 11. Nxd5 Bxd5 12. exd6 exd6 13. c4 Bb7 14. Kb1 a4 15.
h4 axb3 16. axb3 Nf6 17. Ng5 Qd7 18. d5 Rfe8 19. Qf3 Nh5 20. Bxg7 Nxg7 21. g4 Bc8 22. Rdg1 Ra3 23. Kb2 Ra7 24.
h5 h6 25. Ne4 Qe7 26. Nf6+ Kh8 27. Nxe8 Nxe8 28. hxg6 Qe5+ 29. Kc2 Ra2+ 30. Kc1 Qb2+ 31. Kd1 Qd2# 0-1

[Event "4. Memorial Svat.Hastika OPEN"]
[Site "Jesenik, Czech Republic"]
[Date "2022.09.03"]
[Round "3.7"]
[White "Kincl, Dobromir"]
[Black "Zrubek, Dan"]
[Result "0-1"]
[TimeControl "720+3"]
[BlackFideId "23718714"]
[WhiteElo "1683"]
[BlackElo "1504"]

1. d4 d5 2. c4 Nc6 3. cxd5 Qxd5 4. Nf3 e5 5. Nc3 Bb4 6.
a3 Bxc3+ 7. bxc3 Bg4 8. Bb2 O-O-O 9. Qa4 Bxf3 10. gxf3 Nf6 11. e4 Nxe4 12. fxe4 Qxe4+ 13. Kd2 exd4 14.
cxd4 Nxd4 15. Bd3 Nf3+ 0-1

[Event "4. Memorial Svat.Hastika OPEN"]
[Site "Jesenik, Czech Republic"]
[Date "2022.09.03"]
[Round "3.8"]
[White "Zrubek, Adam"]
[Black "Ondrackova, Veronika"]
[Result "1-0"]
[TimeControl "720+3"]
[WhiteFideId "23718706"]
[BlackFideId "23739983"]
[WhiteElo "1583"]
[BlackElo "1213"]

1. e4 d5 2. exd5 Nf6 3. d4 Nxd5 4. c4 Nf6 5. Nc3 Bf5 6. Nf3 e6 7. Bd3 Bg6 8. O-O Nc6 9. Bb1 Qd7 10. a3 Be7 11. b4 Rd8 12.
Be3 O-O 13. Qa4 a6 14. Rd1 Nb8 15. Qb3 c6 16. Ne5 Qc7 17. Ne2 Nbd7 18. Bf4 Nh5 19. Nxg6 Nxf4 20. Ngxf4 Nf6 21. Qh3 h6 22. Nh5 Nxh5 23. Qxh5 Bf6 24. Bc2 Qd7 25. Qg4 Bg5 26. f4 Bf6 27.
Rd3 Qe7 28. Ng3 Kh7 29. Rad1 Bh4 30. Ne2 Bf6 31. Rg3+ g6 32. Rgd3 Rg8 33. Ng3 Qf8 34. Ne4 Qg7 35. Kh1 Bxd4 36.
Ng5+ hxg5 37. Rh3+ Qh6 38. Rxh6+ Kxh6 39. fxg5+ Kg7 40. Rxd4 1-0

[Event "4. Memorial Svat.Hastika OPEN"]
[Site "Jesenik, Czech Republic"]
[Date "2022.09.03"]
[Round "3.10"]
[White "Cechacek, Miroslav"]
[Black "Pobucky, Ondrej"]
[Result "1-0"]
[TimeControl "720+3"]
[WhiteFideId "377090"]
[BlackFideId "23742305"]
[WhiteElo "1541"]
[BlackElo "1426"]

1. e4 e5 2. f4 exf4 3. Nf3 Nc6 4. Bc4 Bd6 5. O-O Nf6 6. Nc3 O-O 7. d4 Bb4 8. e5 Bxc3 9. exf6 Qxf6 10. bxc3 d6 11. h3 Qg6 12.
Nh2 Bxh3 13. Rf2 Be6 14. Bd3 Bf5 15. Rxf4 Bxd3 16. Qxd3 Qxd3 17. cxd3 Rfe8 18. Re4 Rec8 19. Bf4 h6 20.
Rae1 Kh7 21. d5 Na5 22. Re7 f6 23. Rd7 b6 24. Ree7 Rg8 25. Rxc7 Kg6 26. Bxd6 Rad8 27. Red7 Rde8 28.
Kf2 Rc8 29. Nf3 Rxc7 30. Bxc7 Rc8 31. Nh4+ Kg5 32. g3 Rg8 33. Bf4+ Kg4 34. Ng2 g5 35. Ne3+ Kh3 36. Rh7 Rg6 37.
Bb8 f5 38. Nxf5 Rf6 39. Rxh6+ Rxh6 40. Nxh6 g4 41. Bxa7 b5 42. Bb6 Nb7 43. Nf7 Kh2 44. d6 1-0

[Event "4. Memorial Svat.Hastika OPEN"]
[Site "Jesenik, Czech Republic"]
[Date "2022.09.03"]
[Round "4.1"]
[White "Banasik, Krzysztof"]
[Black "Wrobel, Maciej"]
[Result "1-0"]
[TimeControl "720+3"]
[WhiteFideId "1125222"]
[BlackFideId "1181351"]
[WhiteElo "2166"]
[BlackElo "1873"]

1. e4 d5 2. exd5 Qxd5 3. Nc3 Qd8 4. d4 g6 5. Bc4 Bg7 6.
Nf3 Nf6 7. h3 O-O 8. O-O b6 9.
Bf4 Ba6 10. Bxa6 Nxa6 11. Re1 Nb4 12. Be5 Nfd5 13. Bxg7 Kxg7 14. Ne4 f5 15. Neg5 h6 16. Ne6+ 1-0

[Event "4. Memorial Svat.Hastika OPEN"]
[Site "Jesenik, Czech Republic"]
[Date "2022.09.03"]
[Round "4.2"]
[White "Cimburek, Jan"]
[Black "Gnida, Patrik"]
[Result "0-1"]
[TimeControl "720+3"]
[WhiteFideId "390283"]
[BlackFideId "351660"]
[WhiteElo "1591"]
[BlackElo "2092"]

1. Nf3 Nc6 2. c4 e5 3. Nc3 Bb4 4. d3 Bxc3+ 5. bxc3 Nf6 6. e4 d6 7. g3 O-O 8. Bg2 Be6 9. O-O h6 10. Bb2 a6 11. Nd2 b5 12. cxb5 axb5 13. a3 Qd7 14. d4 Na5 15. d5 Bh3 16.
Qe2 Rfb8 17. Bc1 Nc4 18. Re1 Bxg2 19. Kxg2 Ra4 20. Qd3 Qe8 21. f3 Nd7 22. Nxc4 bxc4 23. Qc2 Nc5 24. Re2 Ra5 25.
f4 Rb3 26. Rb1 Ra4 27. Be3 Qb5 28. Bxc5 Rxb1 29. Bb4 Ra1 30. Rd2 Ra8 31. fxe5 dxe5 32. Rf2 c5 33. dxc6 Qxc6 34. Rd2 Re1 35. Rd5 Qf6 36. Qf2 Qxf2+ 37. Kxf2 Rxe4 38. Kf3 f5 39.
h3 h5 40. Rd6 Ra7 41. Rd5 Kf7 42.
Bc5 Rc7 43. Bb4 g5 44. g4 Rf4+ 45.
Ke3 Re4+ 46. Kf3 hxg4+ 47. hxg4 Rxg4 48. Rxe5 Rf4+ 49. Kg3 Rd7 50. a4 Rd3+ 51. Kg2 Kf6 52. Rc5 Re4 53. a5 Re2+ 54. Kf1 Ra2 55.
Rc6+ Ke5 0-1

[Event "4. Memorial Svat.Hastika OPEN"]
[Site "Jesenik, Czech Republic"]
[Date "2022.09.03"]
[Round "4.3"]
[White "Bares, Jachym"]
[Black "Gawlas, Roman"]
[Result "0-1"]
[TimeControl "720+3"]
[WhiteFideId "345075"]
[BlackFideId "351652"]
[WhiteElo "1978"]
[BlackElo "1906"]

1. e4 c5 2. Nf3 e6 3.
d4 cxd4 4. Nxd4 Nc6 5. Nc3 Qc7 6. Be3 a6 7. Bd3 Nf6 8. O-O b5 9. Kh1 Bb7 10. a3 Nxd4 11. Bxd4 Bc5 12.
Bxc5 Qxc5 13. f4 d6 14. Qe2 e5 15. Rad1 O-O 16. fxe5 dxe5 17. Rxf6 gxf6 18. Nd5 Bxd5 19. exd5 Rfd8 20. Qh5 Kf8 21. Qxh7 Qxd5 22.
Rf1 Ke7 23. Be4 Qc4 24. Qf5 Qe6 25. Qxe6+ Kxe6 26. Bxa8 Rxa8 27. Rd1 Rc8 28. c3 f5 29. Kg1 Rc4 30. Kf2 e4 31. Ke3 Rc8 32. g3 Rh8 33. Rd2 f6 34. Kf4 Rg8 35. h3 Rh8 36. h4 Rg8 37. Rg2 Rg4+ 38. Ke3 f4+ 39. Kxe4 fxg3+ 40. Kf3 Rxh4 41. Rxg3 Rh2 42. b3 Rb2 43. b4 Rb3 44. Ke4 Rxa3 45. Kd4 Ra1 46. Re3+ Kd6 47. Rf3 Ke6 48. c4 Rd1+ 49.
Kc5 Rc1 50. Kb6 Rxc4 51. Kxa6 Rxb4 52. Ka5 Rb1 53. Kb6 Ke5 54. Kc5 f5 55. Re3 Kf4 56. Re8 Kg3 57. Kd4 f4 58. Rg8+ Kf2 59. Ke4 f3 60. Rf8 Re1+ 61. Kf4 b4 62. Rb8 Rb1 63. Rh8 Kg2 64. Rg8+ Kf2 65.
Rh8 Rb3 66. Rb8 Kf1 67. Rd8 f2 0-1

[Event "4. Memorial Svat.Hastika OPEN"]
[Site "Jesenik, Czech Republic"]
[Date "2022.09.03"]
[Round "4.5"]
[White "Zrubek, Dan"]
[Black "Skovron, Josef"]
[Result "1-0"]
[TimeControl "720+3"]
[WhiteFideId "23718714"]
[BlackFideId "329886"]
[WhiteElo "1504"]
[BlackElo "1821"]

1. e4 c5 2. Nf3 Nc6 3. d4 cxd4 4. Nxd4 Nf6 5. Nc3 e5 6. Ndb5 d6 7. Nd5 Nxd5 8. exd5 Ne7 9. c4 Nf5 10. Bd3 Be7 11. O-O O-O 12. Qc2 g6 13. Kh1 a6 14. Nc3 Ng7 15.
Be3 f5 16. f4 e4 17. Be2 Ne8 18. Na4 Nf6 19. Rfd1 Qe8 20. Nb6 Rb8 21. b4 Qf7 22. Rac1 Nd7 23. Nxc8 Rfxc8 24. Qa4 Nf6 25.
c5 Kh8 26. Bd4 h6 27. c6 Kh7 28. Ba7 b5 29. Qxa6 Ra8 30. Qb7 g5 31. Bxb5 gxf4 32. c7 Ng4 33. Bd7 Qh5 34. h3 1-0